 Dungeon Crawl Stone Soup version 0.20.1-1-g8b1a95d (webtiles) character file.

298 Irenicus the Insei (level 6, -13/55 HPs)
             Began as a Deep Dwarf Monk on Oct 31, 2017.
             Mangled by an ogre
             ... wielding a +0 giant spiked club
              (24 damage)
             ... on level 4 of the Dungeon.
             The game lasted 00:09:07 (2649 turns).

Irenicus the Insei (Deep Dwarf Monk)                Turns: 2649, Time: 00:09:08

Health: -13/55     AC:  5    Str: 14    XL:     6   Next: 13%
Magic:  6/6        EV: 13    Int: 11    God:
Gold:   164        SH:  0    Dex: 17    Spells: 5/5 levels left

rFire    + . .     SeeInvis .     - Unarmed
rCold    . . .     Gourm    .   (no shield)
rNeg     . . .     Faith    .   n - +0 leather armour
rPois    +         Spirit   .   o - +0 helmet
rElec    .         Reflect  .   (no cloak)
rCorr    .         Harm     .   f - +0 pair of gloves
MR       .....                  (no boots)
Stlth    ++........             (no amulet)
Regen    0.0/turn               e - ring of protection from fire
MPRegen  0.1/turn               r - ring of poison resistance

@: non-regenerating
A: damage resistance, heal wounds, sense surroundings 1, no regeneration
a: Heal Wounds


You were on level 4 of the Dungeon.
You were hungry.

You visited 1 branch of the dungeon, and saw 4 of its levels.

You collected 164 gold pieces.

Inventory:

Armour
 a - a +0 robe
 f - a +0 pair of gloves (worn)
 l - a cursed -2 robe
 n - a +0 leather armour (worn)
 o - a +0 helmet (worn)
Jewellery
 e - a ring of protection from fire (left hand)
 r - a ring of poison resistance (right hand)
 v - an uncursed ring of magical power
Scrolls
 d - 5 scrolls of identify
 h - 2 scrolls of magic mapping
 j - a scroll of blinking {unknown}
 m - 2 scrolls of immolation {unknown}
 p - 2 scrolls of teleportation {unknown}
 s - a scroll of fog {unknown}
 t - a scroll of noise {unknown}
Potions
 c - a potion of flight
 i - a potion of ambrosia
Comestibles
 b - 7 bread rations
 q - a royal jelly


   Skills:
 - Level 2.6 Fighting
 - Level 3.3 Dodging
 - Level 2.4 Stealth
 + Level 6.3 Unarmed Combat


You had 5 spell levels left.
You didn't know any spells.

Dungeon Overview and Level Annotations

Branches:
Dungeon (4/15)             Temple (0/1) D:4

Altars:
Elyvilon
Nemelex Xobeh
Okawaru


Innate Abilities, Weirdness & Mutations

You are resistant to damage.
You can heal yourself by infusing magical energy.
You passively map a small area around you.
You do not regenerate.


Message History

You now have 164 gold pieces (gained 3).
As you open the door, it creaks loudly!
You hear a shout!
An ogre comes into view. It is wielding a giant spiked club.
There is an open door here.
You aren't carrying any items that you can evoke.
Put on which piece of jewellery? (? for menu, Esc to quit)
Okay, then.
As you read the scroll labeled FATIEB WEXZAPN, it crumbles to dust.
You feel aware of your surroundings.
You sensed 1 altar, and 1 shop/portal.
It was a scroll of magic mapping.
There is an open door here.
It was a potion of magic.
Magic courses through your body. The ogre misses you.
You feel better.
You barely miss the ogre.
The ogre hits you with a giant spiked club!
* * * LOW HITPOINT WARNING * * *
You hit the ogre.
The ogre is lightly wounded.
The ogre hits you with a giant spiked club!!
You die...

#.#.##.#####.....................
#.#..............#.#.#.#.########
#.#.##############+#.#.#.#
#.###...##...........#.#.# ####
#.##.....##..........#.#.# #...
#.#.......#..........#.#.#***#...
#....._...#..........#.#..,,,+...
#.#.......#..........#.###***#...
#.##.....##.....@....#.#### #...
#..##...##.......O...#....####...
##################'#.#...........
*,,...........#.........†.
*,,...........#..)..[.....
*,,...........#...........
***###........#...........
*,..........####+#######
*............,,,,*,,,,..


You could see an ogre.

Vanquished Creatures
  An orc priest (D:4)
  A hound (D:4)
  3 orc wizards
  Jessica (D:3)
  Robin (D:2)
  4 adders
  An ooze (D:2)
  10 orcs
  6 bats
  3 giant cockroaches
  10 goblins
  11 hobgoblins
  3 quokkas
  3 frilled lizards
  6 kobolds
  5 rats
69 creatures vanquished.

Notes
Turn   | Place    | Note
-------+----------+-------------------------------------------
     0 | D:1      | Irenicus the Deep Dwarf Monk began the quest for the Orb.
     0 | D:1      | Reached XP level 1. HP: 20/20 MP: 1/1
   230 | D:1      | Reached skill level 3 in Unarmed Combat
   287 | D:1      | Reached XP level 2. HP: 21/27 MP: 2/2
   954 | D:2      | Noticed Robin
  1014 | D:2      | Reached XP level 3. HP: 16/33 MP: 3/3
  1025 | D:2      | Killed Robin
  1025 | D:2      | Reached skill level 4 in Unarmed Combat
  1314 | D:2      | Reached XP level 4. HP: 10/40 MP: 4/4
  1782 | D:3      | Found an iron altar of Okawaru.
  1815 | D:3      | Noticed Jessica
  1834 | D:3      | Killed Jessica
  1834 | D:3      | Reached skill level 5 in Unarmed Combat
  2085 | D:3      | Reached XP level 5. HP: 43/46 MP: 5/5
  2134 | D:3      | Found a sparkling altar of Nemelex Xobeh.
  2341 | D:4      | Reached skill level 6 in Unarmed Combat
  2364 | D:4      | Reached XP level 6. HP: 21/55 MP: 6/6
  2557 | D:4      | Found a white marble altar of Elyvilon.
  2649 | D:4      | Mangled by an ogre

Skill      XL: |  1  2  3  4  5 |
---------------+----------------+-----
Unarmed Combat | 3 4 5 6 |  6.3
Fighting       | |  2.6
Dodging        | |  3.3
Stealth        | |  2.4

Action                   |  1- 3 |  4- 6 || total
-------------------------+-------+-------++-------
Melee: Unarmed           |   135 |   120 ||   255
       Punch             |     2 |     7 ||     9
  Use: Potion            |     1 |     6 ||     7
       Scroll            |       |     4 ||     4
 Stab: Sleeping          |     5 |     4 ||     9
       Distracted        |       |     1 ||     1
  Eat: Chunk             |     1 |     4 ||     5
Armor: Robe              |    13 |       ||    13
       Leather armour    |    15 |    20 ||    35
Dodge: Dodged            |    78 |    55 ||   133
